Penguins vs Senateurs

Created - 30 janvier 2021 at 14:06

Goals
1 2 3 T
Penguins 1 0 0 1
Senateurs 0 1 2 3
Shots
1 2 3 T
Penguins 14 10 10 34
Senateurs 7 18 12 37

1st period

1. Penguins , Charlie Coyle 7 (Reid Boucher 9, Miro Heiskanen 11) at 8:54

Penalties :
Ryan Hartman (OTT) for Hooking (Minor) at 16:39

2nd period

2. Senateurs , Steven Stamkos 15 (Jakub Voracek 13) at 11:01

Penalties :
Michael Grabner (PIT) for High sticking (Minor) at 3:41, Jakub Voracek (OTT) for Holding (Minor) at 12:42, Joel Armia (PIT) for Holding Stick (Minor) at 15:53

3rd period

3. Senateurs , Jakub Voracek 13 (Steven Stamkos 18, Dougie Hamilton 15) at 0:53
4. Senateurs , Dustin Brown 5 (Jared McCann 10, Tanner Pearson 13) at 17:43

Penalties :
Brent Burns (PIT) for Holding (Minor) at 6:10, Brent Burns (PIT) for Hooking (Minor) at 19:44

Goalie Stats

Jack Campbell (PIT), 34 saves from 37 shots - (0,919), L, 7-2-0, 60:00 minutes
Mike Smith (OTT), 33 saves from 34 shots - (0,971), W, 8-11-1, 60:00 minutes

Players Stats for Penguins

Player Name              G  A  P  +/- PIM S  H  SB GA TA FO     MP     PP MP  PK MP  
------------------------------------------------------------------------------------
Auston Matthews          0  0  0  -2  0   5  2  2  0  0  10/20  18:47   2:06   0:00 
Brent Burns              0  0  0  -2  4   2  3  4  0  0  0/0    24:14   2:37   2:23 
Brian Boyle              0  0  0   0  0   0  1  0  0  1  6/8    13:16   0:00   2:28 
Cale Makar               0  0  0  -2  0   0  1  2  1  1  0/0    21:25   2:37   0:02 
Charlie Coyle            1  0  1   0  0   1  2  0  1  0  7/15   13:28   2:06   0:00 
Dmitry Orlov             0  0  0   1  0   1  0  0  0  1  0/0    19:47   1:21   2:34 
Jacob Larsson            0  0  0  -1  0   0  0  2  0  0  0/0    15:12   0:00   0:30 
Jesperi Kotkaniemi       0  0  0   0  0   0  1  1  0  1  4/5    14:45   1:52   2:05 
Joel Armia               0  0  0  -2  2   1  2  0  0  1  0/0    20:27   1:52   2:13 
Markus Granlund          0  0  0   0  0   5  2  1  0  0  0/0    13:12   0:00   1:58 
Michael Grabner          0  0  0   0  2   0  1  0  0  0  0/1    12:31   0:00   0:34 
Miro Heiskanen           0  1  1   1  0   3  0  0  0  0  0/0    19:47   1:21   2:34 
Patric Hornqvist         0  0  0   0  0   2  2  1  1  0  0/0    13:27   1:52   0:00 
Reid Boucher             0  1  1   0  0   5  0  1  0  0  0/0    11:38   0:00   0:00 
Sam Bennett              0  0  0   0  0   6  2  0  0  0  0/2    10:27   0:00   0:15 
Tim Schaller             0  0  0   0  0   1  0  1  0  0  3/4    13:22   0:00   3:34 
Tomas Tatar              0  0  0  -2  0   2  1  0  0  0  0/0    18:41   2:06   0:00 
Tyler Myers              0  0  0  -1  0   0  1  0  0  3  0/0    19:18   0:00   3:38 

Players Stats for Senateurs

Player Name              G  A  P  +/- PIM S  H  SB GA TA FO     MP     PP MP  PK MP  
------------------------------------------------------------------------------------
Christian Folin          0  0  0   1  0   1  1  1  0  1  0/0    18:26   0:00   1:59 
Dougie Hamilton          0  1  1   2  0   2  1  1  0  1  0/0    22:31   4:05   0:00 
Dustin Brown             1  0  1   0  0   3  1  0  0  0  0/0    16:57   2:59   0:00 
Erik Gustafsson          0  0  0  -1  0   0  0  0  0  0  0/0    17:36   4:05   0:00 
Erik Haula               0  0  0   0  0   3  3  0  1  0  0/1    12:47   0:03   1:11 
Frans Nielsen            0  0  0   0  0   0  0  0  0  0  2/7    14:24   0:00   2:15 
Jake Virtanen            0  0  0   0  0   3  0  0  0  0  0/1    12:44   0:00   1:24 
Jakub Voracek            1  1  2   2  2   6  1  1  2  1  0/1    17:09   3:10   0:00 
Jared McCann             0  1  1   0  0   1  1  1  2  0  8/14   17:39   2:59   0:32 
Jason Zucker             0  0  0   2  0   1  2  0  1  0  0/0    17:10   3:10   0:00 
Loui Eriksson            0  0  0   0  0   2  0  0  1  0  0/0    12:21   0:00   2:12 
Lucas Wallmark           0  0  0   0  0   2  0  0  0  0  1/3     9:46   0:03   0:00 
Nikita Zaitsev           0  0  0   2  0   1  1  0  0  0  0/0    23:58   2:07   1:59 
Ryan Graves              0  0  0  -1  0   1  1  1  0  0  0/0    19:03   2:07   1:59 
Ryan Hartman             0  0  0   0  2   3  2  0  0  0  0/0    11:01   0:03   0:22 
Steven Stamkos           1  1  2   2  0   3  2  2  0  0  13/26  17:10   3:10   0:00 
Tanner Pearson           0  1  1   0  0   2  2  1  1  0  1/2    16:52   2:59   0:00 
Trevor van Riemsdyk      0  0  0   1  0   3  0  0  0  0  0/0    18:26   0:00   1:59 

3 Stars

1 - Mike Smith (OTT)
2 - Steven Stamkos (OTT)
3 - Jakub Voracek (OTT)

Power Play

Penguins - 0 on 2 Attempt(s) - 0,00%
Senateurs - 0 on 4 Attempt(s) - 0,00%

Penalty Kill

Penguins - 4 on 4 Attempt(s) - 100,00% - Score 0 goal in Penalty Kill
Senateurs - 2 on 2 Attempt(s) - 100,00% - Score 0 goal in Penalty Kill

Team Stat

Penguins - Hits : 21 - Faceoff Wins : 30 - Blocked Shots : 15 - Penalty Minutes : 8
Senateurs - Hits : 18 - Faceoff Wins : 25 - Blocked Shots : 8 - Penalty Minutes : 4

Official

Referees : Francois St-Laurent and Jon McIsaac
Linesman : Jeff Walker and Greg Devorski

Game Notes

No Game Note

Finance

Level 1 -- Attendance: 5578 (92,97%) -- Ticket Income 502 020 $
Level 2 -- Attendance: 4459 (89,18%) -- Ticket Income 245 245 $
Level 3 -- Attendance: 2000 (100,00%) -- Ticket Income 66 000 $
Level 4 -- Attendance: 3652 (91,30%) -- Ticket Income 65 736 $
Luxury Box -- Attendance: 936 (93,60%) -- Ticket Income 168 480 $
Game was played at the Place Banque Scottia.
Total Attendance: 16625 (92,36%)
Total Ticket Income: 1 047 481 $
Other Income: 513 266 $
Total Income: 1 560 747 $

Penguins

5 vs 5 Forward 
   Center                   Left Wing                Right Wing               Time % Phy DF OF 
 1 Auston Matthews          Tomas Tatar              Joel Armia               40     1   2  2  
 2 Charlie Coyle            Patric Hornqvist         Michael Grabner          30     1   2  2  
 3 Brian Boyle              Jesperi Kotkaniemi       Reid Boucher             20     1   2  2  
 4 Sam Bennett              Tim Schaller             Markus Granlund          10     1   2  2  

5 vs 5 Defense 
   Defense                  Defense                                           Time % Phy DF OF 
 1 Brent Burns              Tyler Myers                                       30     1   4  0  
 2 Miro Heiskanen           Dmitry Orlov                                      30     1   4  0  
 3 Cale Makar               Jacob Larsson                                     30     1   4  0  
 4 Cale Makar               Brent Burns                                       10     1   2  2  

PowerPlay Forward 
   Center                   Left Wing                Right Wing               Time % Phy DF OF 
 1 Auston Matthews          Tomas Tatar              Charlie Coyle            60     0   0  5  
 2 Jesperi Kotkaniemi       Patric Hornqvist         Joel Armia               40     0   1  4  

PowerPlay Defense
   Defense                  Defense                                           Time % Phy DF OF 
 1 Brent Burns              Cale Makar                                        60     1   2  2  
 2 Miro Heiskanen           Dmitry Orlov                                      40     1   2  2  

Penalty Kill 4 Players Forward 
   Center                   Wing                     Time % Phy DF OF 
 1 Tim Schaller             Joel Armia               60     1   2  2  
 2 Brian Boyle              Michael Grabner          40     1   2  2  

Penalty Kill 4 Players Defense
   Defense                  Defense                  Time % Phy DF OF 
 1 Brent Burns              Tyler Myers              60     1   2  2  
 2 Miro Heiskanen           Dmitry Orlov             40     1   2  2  

Penalty Kill - 3 Players Forward 
   Forward                                           Time % Phy DF OF 
 1 Markus Granlund                                   60     1   2  2  
 2 Michael Grabner                                   40     1   2  2  

Penalty Kill - 3 Players Defense
   Defense                  Defense                  Time % Phy DF OF 
 1 Brent Burns              Tyler Myers              60     1   2  2  
 2 Miro Heiskanen           Dmitry Orlov             40     1   2  2  

4 vs 4 Forward 
   Center                   Wing                     Time % Phy DF OF 
 1 Auston Matthews          Tomas Tatar              60     1   2  2  
 2 Charlie Coyle            Patric Hornqvist         40     1   2  2  

4 vs 4 Defense
   Defense                  Defense                  Time % Phy DF OF 
 1 Brent Burns              Tyler Myers              60     1   2  2  
 2 Miro Heiskanen           Dmitry Orlov             40     1   2  2  

Last Minutes Offensive
   Center                   Left Wing                Right Wing               Defense                  Defense                  
   Auston Matthews          Tomas Tatar              Charlie Coyle            Brent Burns              Cale Makar               

Last Minutes Defensive
   Center                   Left Wing                Right Wing               Defense                  Defense                  
   Tim Schaller             Michael Grabner          Markus Granlund          Patric Hornqvist         Tyler Myers              

Goaltenders
Starting : Jack Campbell            
Backup : Tuukka Rask              

Extra Forwards
Normal : Michael Grabner, Reid Boucher, Markus Granlund - PP : Michael Grabner, Reid Boucher - PK : Markus Granlund
Extra Defensemen
Normal : Cale Makar, Brian Boyle, Jacob Larsson - PP : Cale Makar - PK : Brian Boyle, Jacob Larsson
Penalty Shots
Brent Burns, Auston Matthews, Tomas Tatar, Charlie Coyle, Patric Hornqvist
Custom OT Lines Forwards
Auston Matthews, Joel Armia, Tomas Tatar, Charlie Coyle, Patric Hornqvist, Jesperi Kotkaniemi, Tim Schaller, Brian Boyle, Michael Grabner, Reid Boucher
Custom OT Lines Defensemen
Brent Burns, Tyler Myers, Miro Heiskanen, Dmitry Orlov, Cale Makar

Scratches
Mikael Granlund (Bruised Right Foot Injury), Mikkel Boedker (Healthy), Roman Polak (Left Ankle Injury)

Senateurs

5 vs 5 Forward 
   Center                   Left Wing                Right Wing               Time % Phy DF OF 
 1 Steven Stamkos           Jakub Voracek            Jason Zucker             34     1   2  2  
 2 Jared McCann             Dustin Brown             Tanner Pearson           28     1   2  2  
 3 Frans Nielsen            Erik Haula               Jake Virtanen            22     1   2  2  
 4 Lucas Wallmark           Loui Eriksson            Ryan Hartman             16     1   2  2  

5 vs 5 Defense 
   Defense                  Defense                                           Time % Phy DF OF 
 1 Dougie Hamilton          Nikita Zaitsev                                    39     1   2  2  
 2 Erik Gustafsson          Ryan Graves                                       33     1   2  2  
 3 Christian Folin          Trevor van Riemsdyk                               28     1   2  2  
 4 Nikita Zaitsev           Ryan Graves                                       0      1   2  2  

PowerPlay Forward 
   Center                   Left Wing                Right Wing               Time % Phy DF OF 
 1 Steven Stamkos           Jakub Voracek            Jason Zucker             60     1   2  2  
 2 Jared McCann             Tanner Pearson           Dustin Brown             40     1   2  2  

PowerPlay Defense
   Defense                  Defense                                           Time % Phy DF OF 
 1 Dougie Hamilton          Erik Gustafsson                                   60     1   2  2  
 2 Nikita Zaitsev           Ryan Graves                                       40     1   2  2  

Penalty Kill 4 Players Forward 
   Center                   Wing                     Time % Phy DF OF 
 1 Frans Nielsen            Loui Eriksson            60     1   2  2  
 2 Erik Haula               Ryan Hartman             40     1   2  2  

Penalty Kill 4 Players Defense
   Defense                  Defense                  Time % Phy DF OF 
 1 Nikita Zaitsev           Ryan Graves              60     1   2  2  
 2 Christian Folin          Trevor van Riemsdyk      40     1   2  2  

Penalty Kill - 3 Players Forward 
   Forward                                           Time % Phy DF OF 
 1 Frans Nielsen                                     60     1   2  2  
 2 Loui Eriksson                                     40     1   2  2  

Penalty Kill - 3 Players Defense
   Defense                  Defense                  Time % Phy DF OF 
 1 Nikita Zaitsev           Ryan Graves              60     1   2  2  
 2 Christian Folin          Trevor van Riemsdyk      40     1   2  2  

4 vs 4 Forward 
   Center                   Wing                     Time % Phy DF OF 
 1 Steven Stamkos           Jakub Voracek            60     1   2  2  
 2 Dustin Brown             Jason Zucker             40     1   2  2  

4 vs 4 Defense
   Defense                  Defense                  Time % Phy DF OF 
 1 Dougie Hamilton          Nikita Zaitsev           60     1   2  2  
 2 Trevor van Riemsdyk      Ryan Graves              40     1   2  2  

Last Minutes Offensive
   Center                   Left Wing                Right Wing               Defense                  Defense                  
   Steven Stamkos           Jakub Voracek            Dustin Brown             Nikita Zaitsev           Dougie Hamilton          

Last Minutes Defensive
   Center                   Left Wing                Right Wing               Defense                  Defense                  
   Steven Stamkos           Jakub Voracek            Dustin Brown             Nikita Zaitsev           Dougie Hamilton          

Goaltenders
Starting : Mike Smith               
Backup : Collin Delia             

Extra Forwards
Normal : Lucas Wallmark, Jared McCann, Jake Virtanen - PP : Lucas Wallmark, Jared McCann - PK : Jake Virtanen
Extra Defensemen
Normal : Dougie Hamilton, Trevor van Riemsdyk, Christian Folin - PP : Dougie Hamilton - PK : Trevor van Riemsdyk, Christian Folin
Penalty Shots
Steven Stamkos, Jakub Voracek, Dustin Brown, Jason Zucker, Tanner Pearson
Custom OT Lines Forwards
Steven Stamkos, Jakub Voracek, Dustin Brown, Jason Zucker, Tanner Pearson, Loui Eriksson, Jared McCann, Jake Virtanen, Frans Nielsen, Erik Haula
Custom OT Lines Defensemen
Dougie Hamilton, Nikita Zaitsev, Ryan Graves, Christian Folin, Trevor van Riemsdyk

Scratches
Antti Suomela (Healthy), Devin Shore (Healthy), Nick Holden (Healthy)

% Time on Ice - Penguins

Lines # - Real PCT - Wanted PCT - Time Play
Normal Forward
1 - 37% - 40% - 18:20
2 - 23% - 30% - 11:35
3 - 20% - 20% - 10:07
4 - 20% - 10% - 9:48
Normal Defense
1 - 31% - 30% - 15:40
2 - 32% - 30% - 15:52
3 - 29% - 30% - 14:42
4 - 7% - 10% - 3:36
PP Forward
1 - 53% - 60% - 2:06
2 - 47% - 40% - 1:52
PP Defense
1 - 66% - 60% - 2:37
2 - 34% - 40% - 1:21
PK Forward
1 - 82% - 60% - 5:06
2 - 18% - 40% - 1:06
PK Defense
1 - 59% - 60% - 3:38
2 - 41% - 40% - 2:34
PK3 Forward
1 - 0% - 60%
2 - 0% - 40%
PK3 Defense
1 - 0% - 60%
2 - 0% - 40%
44 Forward
1 - 0% - 60%
2 - 0% - 40%
44 Defense
1 - 0% - 60%
2 - 0% - 40%
Last Minute Offensive  - 0:00
Last Minute Defensive  - 0:00
Total
Forward - 60:00
Defense - 60:00

% Time on Ice - Senateurs

Lines # - Real PCT - Wanted PCT - Time Play
Normal Forward
1 - 32% - 34% - 15:47
2 - 28% - 28% - 13:53
3 - 22% - 22% - 11:05
4 - 18% - 16% - 9:05
Normal Defense
1 - 38% - 39% - 18:43
2 - 32% - 33% - 16:01
3 - 30% - 28% - 15:06
4 - 0% - 0% - 0:00
PP Forward
1 - 52% - 60% - 3:13
2 - 48% - 40% - 2:59
PP Defense
1 - 66% - 60% - 4:05
2 - 34% - 40% - 2:07
PK Forward
1 - 70% - 60% - 2:47
2 - 30% - 40% - 1:11
PK Defense
1 - 50% - 60% - 1:59
2 - 50% - 40% - 1:59
PK3 Forward
1 - 0% - 60%
2 - 0% - 40%
PK3 Defense
1 - 0% - 60%
2 - 0% - 40%
44 Forward
1 - 0% - 60%
2 - 0% - 40%
44 Defense
1 - 0% - 60%
2 - 0% - 40%
Last Minute Offensive  - 0:00
Last Minute Defensive  - 0:00
Total
Forward - 60:00
Defense - 60:00

Play-by-Play

1st period


0:01 of 1st period - Auston Matthews wins face-off versus Jakub Voracek in neutral zone.
1:30 of 1st period - Christian Folin is hit by Tomas Tatar and loses puck.
1:37 of 1st period - Snap shot by Steven Stamkos.
1:37 of 1st period - Shot Misses the Net.
1:57 of 1st period - Charlie Coyle is hit by Jason Zucker and loses puck.
2:48 of 1st period - Erik Haula is hit by Markus Granlund and loses puck.
2:55 of 1st period - Markus Granlund is hit by Ryan Graves and loses puck.
3:46 of 1st period - Snap shot by Sam Bennett.
3:46 of 1st period - Shot Misses the Net.
3:48 of 1st period - Snap shot by Markus Granlund.
3:48 of 1st period - Shot Misses the Net.
3:50 of 1st period - Wrist shot by Markus Granlund.
3:50 of 1st period - Stopped by Mike Smith with a rebound.
4:20 of 1st period - Snap shot by Sam Bennett.
4:20 of 1st period - Stopped by Mike Smith with a rebound.
4:22 of 1st period - Snap shot by Tim Schaller.
4:22 of 1st period - Shot Misses the Net.
4:32 of 1st period - Snap shot by Dougie Hamilton.
4:32 of 1st period - Shot Blocked by Tim Schaller.
4:38 of 1st period - Frans Nielsen is hit by Sam Bennett and loses puck.
5:17 of 1st period - Dougie Hamilton is hit by Markus Granlund and loses puck.
5:32 of 1st period - Snap shot by Markus Granlund.
5:32 of 1st period - Stopped by Mike Smith with a rebound.
5:34 of 1st period - Backhand shot by Sam Bennett.
5:34 of 1st period - Stopped by Mike Smith without a rebound.
5:35 of 1st period - Auston Matthews wins face-off versus Jared McCann in Senateurs zone.
5:42 of 1st period - Wrist shot by Tomas Tatar.
5:42 of 1st period - Stopped by Mike Smith with a rebound.
6:03 of 1st period - Icing by Christian Folin.
6:04 of 1st period - Steven Stamkos wins face-off versus Charlie Coyle in Senateurs zone.
6:39 of 1st period - Wrist shot by Jared McCann.
6:39 of 1st period - Shot Blocked by Jacob Larsson.
6:51 of 1st period - Slapshot by Lucas Wallmark.
6:51 of 1st period - Stopped by Jack Campbell with a rebound.
6:53 of 1st period - Slapshot by Trevor van Riemsdyk.
6:53 of 1st period - Stopped by Jack Campbell without a rebound.
6:54 of 1st period - Lucas Wallmark wins face-off versus Brian Boyle in Penguins zone.
7:27 of 1st period - Snap shot by Ryan Hartman.
7:27 of 1st period - Deflect By Loui Eriksson.
7:27 of 1st period - Shot Misses the Net.
7:27 of 1st period - Puck is out of play.
7:28 of 1st period - Steven Stamkos wins face-off versus Auston Matthews in Penguins zone.
7:39 of 1st period - Wrist shot by Tomas Tatar.
7:39 of 1st period - Shot Blocked by Jakub Voracek.
7:41 of 1st period - Snap shot by Joel Armia.
7:41 of 1st period - Shot Misses the Net.
7:43 of 1st period - Slapshot by Miro Heiskanen.
7:43 of 1st period - Stopped by Mike Smith without a rebound.
7:44 of 1st period - Charlie Coyle wins face-off versus Jared McCann in Senateurs zone.
7:45 of 1st period - Snap shot by Patric Hornqvist.
7:45 of 1st period - Stopped by Mike Smith without a rebound.
7:46 of 1st period - Charlie Coyle wins face-off versus Tanner Pearson in Senateurs zone.
8:54 of 1st period - Snap shot by Charlie Coyle.
8:54 of 1st period - Goal by Charlie Coyle - Penguins : 1 - Senateurs : 0.
8:55 of 1st period - Steven Stamkos wins face-off versus Auston Matthews in neutral zone.
9:00 of 1st period - Slapshot by Jakub Voracek.
9:00 of 1st period - Stopped by Jack Campbell with a rebound.
9:10 of 1st period - Wrist shot by Steven Stamkos.
9:10 of 1st period - Shot Misses the Net.
9:20 of 1st period - Ryan Graves is hit by Charlie Coyle.
9:50 of 1st period - Wrist shot by Dougie Hamilton.
9:50 of 1st period - Stopped by Jack Campbell without a rebound.
9:51 of 1st period - Brian Boyle wins face-off versus Steven Stamkos in Penguins zone.
9:58 of 1st period - Wrist shot by Reid Boucher.
9:58 of 1st period - Stopped by Mike Smith without a rebound.
9:59 of 1st period - Auston Matthews wins face-off versus Steven Stamkos in Senateurs zone.
10:08 of 1st period - Snap shot by Auston Matthews.
10:08 of 1st period - Stopped by Mike Smith with a rebound.
10:10 of 1st period - Slapshot by Brent Burns.
10:10 of 1st period - Deflect By Steven Stamkos.
10:10 of 1st period - Stopped by Mike Smith with a rebound.
10:12 of 1st period - Wrist shot by Tyler Myers.
10:12 of 1st period - Shot Misses the Net.
10:14 of 1st period - Slapshot by Tyler Myers.
10:14 of 1st period - Shot Misses the Net.
10:16 of 1st period - Wrist shot by Joel Armia.
10:16 of 1st period - Stopped by Mike Smith without a rebound.
10:17 of 1st period - Jared McCann wins face-off versus Michael Grabner in Senateurs zone.
10:42 of 1st period - Brent Burns is hit by Christian Folin and loses puck.
11:39 of 1st period - Ryan Graves is hit by Sam Bennett and loses puck.
12:39 of 1st period - Snap shot by Jake Virtanen.
12:39 of 1st period - Shot Blocked by Jesperi Kotkaniemi.
12:53 of 1st period - Ryan Hartman is hit by Patric Hornqvist and loses puck.
13:08 of 1st period - Icing by Christian Folin.
13:09 of 1st period - Steven Stamkos wins face-off versus Auston Matthews in Senateurs zone.
13:09 of 1st period - Steven Stamkos is hit by Auston Matthews.
13:25 of 1st period - Snap shot by Auston Matthews.
13:25 of 1st period - Shot Blocked by Steven Stamkos.
13:37 of 1st period - Dougie Hamilton is hit by Charlie Coyle and loses puck.
14:22 of 1st period - Snap shot by Jake Virtanen.
14:22 of 1st period - Shot Misses the Net.
14:47 of 1st period - Wrist shot by Jakub Voracek.
14:47 of 1st period - Stopped by Jack Campbell with a rebound.
14:49 of 1st period - Snap shot by Jason Zucker.
14:49 of 1st period - Shot Blocked by Auston Matthews.
14:51 of 1st period - Slapshot by Erik Gustafsson.
14:51 of 1st period - Shot Misses the Net.
15:01 of 1st period - Christian Folin is hit by Patric Hornqvist and loses puck.
15:49 of 1st period - Wrist shot by Jake Virtanen.
15:49 of 1st period - Stopped by Jack Campbell without a rebound.
15:50 of 1st period - Steven Stamkos wins face-off versus Sam Bennett in Penguins zone.
16:15 of 1st period - Tanner Pearson is hit by Joel Armia and loses puck.
16:39 of 1st period - Minor Penalty to Ryan Hartman for Hooking.
16:40 of 1st period - Auston Matthews wins face-off versus Frans Nielsen in Senateurs zone.
17:44 of 1st period - Off-side.
17:45 of 1st period - Jesperi Kotkaniemi wins face-off versus Erik Haula in neutral zone.
17:48 of 1st period - Nikita Zaitsev is hit by Brent Burns and loses puck.
18:39 of 1st period - Penalty to Ryan Hartman is over, Ryan Hartman is back on ice.
18:48 of 1st period - Slapshot by Ryan Hartman.
18:48 of 1st period - Stopped by Jack Campbell with a rebound.
19:00 of 1st period - Snap shot by Sam Bennett.
19:00 of 1st period - Stopped by Mike Smith with a rebound.
19:02 of 1st period - Slapshot by Dmitry Orlov.
19:02 of 1st period - Stopped by Mike Smith with a rebound.
19:22 of 1st period - Wrist shot by Auston Matthews.
19:22 of 1st period - Shot Misses the Net.
19:30 of 1st period - Snap shot by Ryan Hartman.
19:30 of 1st period - Shot Misses the Net.
Goals for this period are 1 for Penguins vs 0 for Senateurs.
Shots for this period are 14 for Penguins vs 7 for Senateurs.

2nd period


0:01 of 2nd period - Jared McCann wins face-off versus Auston Matthews in neutral zone.
0:08 of 2nd period - Wrist shot by Dustin Brown.
0:08 of 2nd period - Shot Blocked by Auston Matthews.
0:10 of 2nd period - Snap shot by Tanner Pearson.
0:10 of 2nd period - Deflect By Tomas Tatar.
0:10 of 2nd period - Shot Blocked by Brent Burns.
0:10 of 2nd period - Puck is out of play.
0:11 of 2nd period - Auston Matthews wins face-off versus Steven Stamkos in Penguins zone.
0:18 of 2nd period - Off-side.
0:19 of 2nd period - Steven Stamkos wins face-off versus Auston Matthews in neutral zone.
0:56 of 2nd period - Wrist shot by Dougie Hamilton.
0:56 of 2nd period - Shot Misses the Net.
1:23 of 2nd period - Icing by Trevor van Riemsdyk.
1:24 of 2nd period - Jesperi Kotkaniemi wins face-off versus Frans Nielsen in Senateurs zone.
1:41 of 2nd period - Reid Boucher is hit by Erik Haula and loses puck.
2:32 of 2nd period - Snap shot by Dustin Brown.
2:32 of 2nd period - Stopped by Jack Campbell with a rebound.
2:41 of 2nd period - Wrist shot by Sam Bennett.
2:41 of 2nd period - Stopped by Mike Smith with a rebound.
3:30 of 2nd period - Wrist shot by Loui Eriksson.
3:30 of 2nd period - Stopped by Jack Campbell with a rebound.
3:34 of 2nd period - Wrist shot by Ryan Hartman.
3:34 of 2nd period - Stopped by Jack Campbell with a rebound.
3:36 of 2nd period - Slapshot by Ryan Graves.
3:36 of 2nd period - Deflect By Tomas Tatar.
3:36 of 2nd period - Stopped by Jack Campbell without a rebound.
3:37 of 2nd period - Jared McCann wins face-off versus Charlie Coyle in Penguins zone.
3:41 of 2nd period - Minor Penalty to Michael Grabner for High sticking.
3:42 of 2nd period - Tim Schaller wins face-off versus Steven Stamkos in Penguins zone.
5:07 of 2nd period - Jesperi Kotkaniemi is hit by Steven Stamkos and loses puck.
5:20 of 2nd period - Icing by Tanner Pearson.
5:21 of 2nd period - Jared McCann wins face-off versus Brian Boyle in Senateurs zone.
5:41 of 2nd period - Penalty to Michael Grabner is over, Michael Grabner is back on ice.
5:48 of 2nd period - Jake Virtanen is hit by Joel Armia and loses puck.
5:55 of 2nd period - Dmitry Orlov is hit by Erik Haula and loses puck.
6:10 of 2nd period - Loui Eriksson is hit by Brian Boyle and loses puck.
7:02 of 2nd period - Wrist shot by Frans Nielsen.
7:02 of 2nd period - Shot Blocked by Cale Makar.
7:16 of 2nd period - Snap shot by Auston Matthews.
7:16 of 2nd period - Shot Misses the Net.
7:26 of 2nd period - Snap shot by Auston Matthews.
7:26 of 2nd period - Deflect By Reid Boucher.
7:26 of 2nd period - Stopped by Mike Smith with a rebound.
7:45 of 2nd period - Off-side.
7:46 of 2nd period - Steven Stamkos wins face-off versus Charlie Coyle in neutral zone.
8:01 of 2nd period - Snap shot by Jakub Voracek.
8:01 of 2nd period - Shot Misses the Net.
8:13 of 2nd period - Ryan Graves is hit by Tyler Myers and loses puck.
8:40 of 2nd period - Snap shot by Lucas Wallmark.
8:40 of 2nd period - Stopped by Jack Campbell without a rebound.
8:41 of 2nd period - Charlie Coyle wins face-off versus Lucas Wallmark in Penguins zone.
8:50 of 2nd period - Slapshot by Dougie Hamilton.
8:50 of 2nd period - Stopped by Jack Campbell with a rebound.
8:52 of 2nd period - Wrist shot by Loui Eriksson.
8:52 of 2nd period - Stopped by Jack Campbell with a rebound.
8:54 of 2nd period - Slapshot by Nikita Zaitsev.
8:54 of 2nd period - Stopped by Jack Campbell with a rebound.
9:15 of 2nd period - Slapshot by Jakub Voracek.
9:15 of 2nd period - Stopped by Jack Campbell with a rebound.
10:23 of 2nd period - Snap shot by Steven Stamkos.
10:23 of 2nd period - Stopped by Jack Campbell with a rebound.
10:37 of 2nd period - Slapshot by Miro Heiskanen.
10:37 of 2nd period - Deflect By Markus Granlund.
10:37 of 2nd period - Stopped by Mike Smith with a rebound.
10:39 of 2nd period - Wrist shot by Markus Granlund.
10:39 of 2nd period - Stopped by Mike Smith without a rebound.
10:40 of 2nd period - Jared McCann wins face-off versus Auston Matthews in Senateurs zone.
10:55 of 2nd period - Slapshot by Tanner Pearson.
10:55 of 2nd period - Deflect By Dustin Brown.
10:55 of 2nd period - Shot Misses the Net.
10:55 of 2nd period - Puck is out of play.
10:56 of 2nd period - Steven Stamkos wins face-off versus Charlie Coyle in Penguins zone.
11:01 of 2nd period - Wrist shot by Steven Stamkos.
11:01 of 2nd period - Goal by Steven Stamkos - Penguins : 1 - Senateurs : 1.
11:02 of 2nd period - Auston Matthews wins face-off versus Steven Stamkos in neutral zone.
11:05 of 2nd period - Joel Armia is hit by Steven Stamkos and loses puck.
11:18 of 2nd period - Wrist shot by Jakub Voracek.
11:18 of 2nd period - Stopped by Jack Campbell without a rebound.
11:19 of 2nd period - Charlie Coyle wins face-off versus Jared McCann in Penguins zone.
11:41 of 2nd period - Icing by Charlie Coyle.
11:42 of 2nd period - Steven Stamkos wins face-off versus Charlie Coyle in Penguins zone.
12:07 of 2nd period - Brent Burns is hit by Tanner Pearson and loses puck.
12:33 of 2nd period - Wrist shot by Reid Boucher.
12:33 of 2nd period - Deflect By Erik Haula.
12:33 of 2nd period - Stopped by Mike Smith with a rebound.
12:35 of 2nd period - Slapshot by Reid Boucher.
12:35 of 2nd period - Stopped by Mike Smith without a rebound.
12:36 of 2nd period - Brian Boyle wins face-off versus Steven Stamkos in Senateurs zone.
12:37 of 2nd period - Snap shot by Jesperi Kotkaniemi.
12:37 of 2nd period - Deflect By Brian Boyle.
12:37 of 2nd period - Shot Misses the Net.
12:37 of 2nd period - Puck is out of play.
12:38 of 2nd period - Brian Boyle wins face-off versus Steven Stamkos in Senateurs zone.
12:42 of 2nd period - Minor Penalty to Jakub Voracek for Holding.
12:43 of 2nd period - Frans Nielsen wins face-off versus Auston Matthews in Senateurs zone.
12:59 of 2nd period - Snap shot by Auston Matthews.
12:59 of 2nd period - Stopped by Mike Smith with a rebound.
13:51 of 2nd period - Icing by Jesperi Kotkaniemi.
13:52 of 2nd period - Jesperi Kotkaniemi wins face-off versus Jake Virtanen in Penguins zone.
14:08 of 2nd period - Wrist shot by Jared McCann.
14:08 of 2nd period - Stopped by Jack Campbell with a rebound.
14:42 of 2nd period - Penalty to Jakub Voracek is over, Jakub Voracek is back on ice.
14:56 of 2nd period - Slapshot by Markus Granlund.
14:56 of 2nd period - Stopped by Mike Smith with a rebound.
14:58 of 2nd period - Wrist shot by Miro Heiskanen.
14:58 of 2nd period - Deflect By Markus Granlund.
14:58 of 2nd period - Shot Misses the Net.
14:58 of 2nd period - Puck is out of play.
14:59 of 2nd period - Jared McCann wins face-off versus Sam Bennett in Senateurs zone.
15:25 of 2nd period - Markus Granlund is hit by Dustin Brown and loses puck.
15:38 of 2nd period - Wrist shot by Tanner Pearson.
15:38 of 2nd period - Stopped by Jack Campbell with a rebound.
15:40 of 2nd period - Slapshot by Trevor van Riemsdyk.
15:40 of 2nd period - Stopped by Jack Campbell without a rebound.
15:41 of 2nd period - Steven Stamkos wins face-off versus Auston Matthews in Penguins zone.
15:53 of 2nd period - Minor Penalty to Joel Armia for Holding Stick.
15:54 of 2nd period - Tim Schaller wins face-off versus Steven Stamkos in Penguins zone.
15:54 of 2nd period - Tim Schaller is hit by Jason Zucker.
16:19 of 2nd period - Dustin Brown is hit by Jesperi Kotkaniemi and loses puck.
16:43 of 2nd period - Icing by Dustin Brown.
16:44 of 2nd period - Jesperi Kotkaniemi wins face-off versus Jared McCann in Senateurs zone.
17:15 of 2nd period - Tyler Myers is hit by Jakub Voracek and loses puck.
17:53 of 2nd period - Penalty to Joel Armia is over, Joel Armia is back on ice.
18:04 of 2nd period - Slapshot by Erik Haula.
18:04 of 2nd period - Stopped by Jack Campbell with a rebound.
18:06 of 2nd period - Snap shot by Jake Virtanen.
18:06 of 2nd period - Stopped by Jack Campbell with a rebound.
18:28 of 2nd period - Wrist shot by Patric Hornqvist.
18:28 of 2nd period - Shot Misses the Net.
18:30 of 2nd period - Slapshot by Tyler Myers.
18:30 of 2nd period - Shot Blocked by Christian Folin.
18:32 of 2nd period - Backhand shot by Patric Hornqvist.
18:32 of 2nd period - Stopped by Mike Smith with a rebound.
19:02 of 2nd period - Joel Armia is hit by Erik Haula and loses puck.
19:34 of 2nd period - Charlie Coyle is hit by Ryan Hartman and loses puck.
19:39 of 2nd period - Snap shot by Ryan Hartman.
19:39 of 2nd period - Shot Hit the Post.
19:41 of 2nd period - Slapshot by Trevor van Riemsdyk.
19:41 of 2nd period - Shot Blocked by Patric Hornqvist.
19:51 of 2nd period - Wrist shot by Dustin Brown.
19:51 of 2nd period - Stopped by Jack Campbell with a rebound.
19:57 of 2nd period - Slapshot by Miro Heiskanen.
19:57 of 2nd period - Stopped by Mike Smith with a rebound.
Goals for this period are 0 for Penguins vs 1 for Senateurs.
Shots for this period are 10 for Penguins vs 18 for Senateurs.

3rd period


0:01 of 3rd period - Steven Stamkos wins face-off versus Auston Matthews in neutral zone.
0:16 of 3rd period - Icing by Dougie Hamilton.
0:17 of 3rd period - Charlie Coyle wins face-off versus Steven Stamkos in Senateurs zone.
0:33 of 3rd period - Icing by Dougie Hamilton.
0:34 of 3rd period - Auston Matthews wins face-off versus Steven Stamkos in Senateurs zone.
0:53 of 3rd period - Snap shot by Jakub Voracek.
0:53 of 3rd period - Goal by Jakub Voracek - Penguins : 1 - Senateurs : 2.
0:54 of 3rd period - Steven Stamkos wins face-off versus Auston Matthews in neutral zone.
1:52 of 3rd period - Slapshot by Ryan Hartman.
1:52 of 3rd period - Stopped by Jack Campbell with a rebound.
1:54 of 3rd period - Slapshot by Loui Eriksson.
1:54 of 3rd period - Shot Blocked by Jacob Larsson.
2:32 of 3rd period - Slapshot by Brent Burns.
2:32 of 3rd period - Shot Blocked by Ryan Graves.
2:38 of 3rd period - Erik Gustafsson is hit by Brent Burns and loses puck.
3:05 of 3rd period - Snap shot by Jakub Voracek.
3:05 of 3rd period - Shot Misses the Net.
3:07 of 3rd period - Snap shot by Steven Stamkos.
3:07 of 3rd period - Shot Blocked by Reid Boucher.
3:09 of 3rd period - Slapshot by Ryan Graves.
3:09 of 3rd period - Shot Misses the Net.
3:21 of 3rd period - Wrist shot by Steven Stamkos.
3:21 of 3rd period - Stopped by Jack Campbell with a rebound.
3:23 of 3rd period - Snap shot by Erik Gustafsson.
3:23 of 3rd period - Shot Misses the Net.
3:25 of 3rd period - Wrist shot by Jason Zucker.
3:25 of 3rd period - Stopped by Jack Campbell without a rebound.
3:26 of 3rd period - Jared McCann wins face-off versus Charlie Coyle in Penguins zone.
3:53 of 3rd period - Sam Bennett is hit by Nikita Zaitsev and loses puck.
4:14 of 3rd period - Snap shot by Auston Matthews.
4:14 of 3rd period - Shot Misses the Net.
4:16 of 3rd period - Wrist shot by Auston Matthews.
4:16 of 3rd period - Shot Misses the Net.
4:18 of 3rd period - Slapshot by Jacob Larsson.
4:18 of 3rd period - Deflect By Auston Matthews.
4:18 of 3rd period - Stopped by Mike Smith without a rebound.
4:19 of 3rd period - Jared McCann wins face-off versus Charlie Coyle in Senateurs zone.
4:23 of 3rd period - Icing by Dustin Brown.
4:24 of 3rd period - Tanner Pearson wins face-off versus Charlie Coyle in Senateurs zone.
4:24 of 3rd period - Tanner Pearson is hit by Michael Grabner.
4:40 of 3rd period - Wrist shot by Tanner Pearson.
4:40 of 3rd period - Shot Misses the Net.
4:58 of 3rd period - Wrist shot by Auston Matthews.
4:58 of 3rd period - Stopped by Mike Smith with a rebound.
5:40 of 3rd period - Slapshot by Dougie Hamilton.
5:40 of 3rd period - Deflect By Ryan Hartman.
5:40 of 3rd period - Shot Blocked by Markus Granlund.
5:40 of 3rd period - Puck is out of play.
5:41 of 3rd period - Auston Matthews wins face-off versus Steven Stamkos in Penguins zone.
5:48 of 3rd period - Snap shot by Tomas Tatar.
5:48 of 3rd period - Deflect By Joel Armia.
5:48 of 3rd period - Shot Blocked by Steven Stamkos.
5:48 of 3rd period - Puck is out of play.
5:49 of 3rd period - Auston Matthews wins face-off versus Steven Stamkos in Senateurs zone.
5:50 of 3rd period - Snap shot by Tomas Tatar.
5:50 of 3rd period - Shot Misses the Net.
6:10 of 3rd period - Minor Penalty to Brent Burns for Holding.
6:11 of 3rd period - Steven Stamkos wins face-off versus Tim Schaller in Penguins zone.
8:10 of 3rd period - Penalty to Brent Burns is over, Brent Burns is back on ice.
8:31 of 3rd period - Snap shot by Brent Burns.
8:31 of 3rd period - Stopped by Mike Smith with a rebound.
8:37 of 3rd period - Snap shot by Ryan Hartman.
8:37 of 3rd period - Deflect By Erik Haula.
8:37 of 3rd period - Shot Blocked by Brent Burns.
8:37 of 3rd period - Puck is out of play.
8:38 of 3rd period - Charlie Coyle wins face-off versus Frans Nielsen in Penguins zone.
8:49 of 3rd period - Jake Virtanen is hit by Cale Makar and loses puck.
9:29 of 3rd period - Slapshot by Cale Makar.
9:29 of 3rd period - Deflect By Reid Boucher.
9:29 of 3rd period - Stopped by Mike Smith with a rebound.
9:41 of 3rd period - Wrist shot by Lucas Wallmark.
9:41 of 3rd period - Shot Misses the Net.
10:03 of 3rd period - Erik Gustafsson is hit by Brent Burns and loses puck.
10:47 of 3rd period - Snap shot by Tomas Tatar.
10:47 of 3rd period - Shot Blocked by Dougie Hamilton.
11:33 of 3rd period - Snap shot by Sam Bennett.
11:33 of 3rd period - Stopped by Mike Smith with a rebound.
12:42 of 3rd period - Wrist shot by Sam Bennett.
12:42 of 3rd period - Deflect By Christian Folin.
12:42 of 3rd period - Stopped by Mike Smith with a rebound.
12:44 of 3rd period - Slapshot by Tim Schaller.
12:44 of 3rd period - Stopped by Mike Smith with a rebound.
12:46 of 3rd period - Slapshot by Miro Heiskanen.
12:46 of 3rd period - Stopped by Mike Smith with a rebound.
12:48 of 3rd period - Slapshot by Miro Heiskanen.
12:48 of 3rd period - Shot Blocked by Tanner Pearson.
13:06 of 3rd period - Off-side.
13:07 of 3rd period - Auston Matthews wins face-off versus Frans Nielsen in neutral zone.
13:12 of 3rd period - Slapshot by Auston Matthews.
13:12 of 3rd period - Stopped by Mike Smith with a rebound.
13:40 of 3rd period - Slapshot by Jakub Voracek.
13:40 of 3rd period - Stopped by Jack Campbell with a rebound.
14:04 of 3rd period - Dmitry Orlov is hit by Tanner Pearson and loses puck.
14:19 of 3rd period - Sam Bennett is hit by Ryan Hartman and loses puck.
14:26 of 3rd period - Slapshot by Dmitry Orlov.
14:26 of 3rd period - Shot Misses the Net.
14:57 of 3rd period - Off-side.
14:58 of 3rd period - Brian Boyle wins face-off versus Steven Stamkos in neutral zone.
15:03 of 3rd period - Snap shot by Brent Burns.
15:03 of 3rd period - Shot Misses the Net.
15:05 of 3rd period - Slapshot by Tyler Myers.
15:05 of 3rd period - Shot Misses the Net.
15:48 of 3rd period - Wrist shot by Tanner Pearson.
15:48 of 3rd period - Stopped by Jack Campbell without a rebound.
15:49 of 3rd period - Brian Boyle wins face-off versus Jared McCann in Penguins zone.
15:49 of 3rd period - Brian Boyle is hit by Dougie Hamilton.
15:57 of 3rd period - Wrist shot by Reid Boucher.
15:57 of 3rd period - Shot Blocked by Jared McCann.
16:15 of 3rd period - Nikita Zaitsev is hit by Auston Matthews and loses puck.
16:24 of 3rd period - Slapshot by Tanner Pearson.
16:24 of 3rd period - Shot Blocked by Brent Burns.
16:26 of 3rd period - Snap shot by Trevor van Riemsdyk.
16:26 of 3rd period - Stopped by Jack Campbell with a rebound.
16:28 of 3rd period - Slapshot by Christian Folin.
16:28 of 3rd period - Stopped by Jack Campbell with a rebound.
16:30 of 3rd period - Snap shot by Dustin Brown.
16:30 of 3rd period - Shot Misses the Net.
17:19 of 3rd period - Backhand shot by Tomas Tatar.
17:19 of 3rd period - Stopped by Mike Smith with a rebound.
17:33 of 3rd period - Wrist shot by Tanner Pearson.
17:33 of 3rd period - Shot Blocked by Brent Burns.
17:35 of 3rd period - Snap shot by Dustin Brown.
17:35 of 3rd period - Shot Misses the Net.
17:43 of 3rd period - Wrist shot by Dustin Brown.
17:43 of 3rd period - Goal by Dustin Brown - Penguins : 1 - Senateurs : 3.
17:44 of 3rd period - Frans Nielsen wins face-off versus Jesperi Kotkaniemi in neutral zone.
17:49 of 3rd period - Snap shot by Erik Haula.
17:49 of 3rd period - Stopped by Jack Campbell with a rebound.
17:51 of 3rd period - Snap shot by Erik Haula.
17:51 of 3rd period - Deflect By Frans Nielsen.
17:51 of 3rd period - Shot Misses the Net.
17:51 of 3rd period - Puck is out of play.
17:52 of 3rd period - Brian Boyle wins face-off versus Frans Nielsen in Penguins zone.
18:16 of 3rd period - Slapshot by Erik Haula.
18:16 of 3rd period - Stopped by Jack Campbell with a rebound.
18:18 of 3rd period - Wrist shot by Frans Nielsen.
18:18 of 3rd period - Shot Misses the Net.
18:20 of 3rd period - Snap shot by Jake Virtanen.
18:20 of 3rd period - Shot Blocked by Cale Makar.
18:22 of 3rd period - Slapshot by Dougie Hamilton.
18:22 of 3rd period - Shot Misses the Net.
18:26 of 3rd period - Snap shot by Jake Virtanen.
18:26 of 3rd period - Stopped by Jack Campbell without a rebound.
18:27 of 3rd period - Charlie Coyle wins face-off versus Lucas Wallmark in Penguins zone.
18:34 of 3rd period - Wrist shot by Patric Hornqvist.
18:34 of 3rd period - Shot Misses the Net.
18:36 of 3rd period - Slapshot by Dmitry Orlov.
18:36 of 3rd period - Shot Misses the Net.
19:44 of 3rd period - Minor Penalty to Brent Burns for Hooking.
19:45 of 3rd period - Tim Schaller wins face-off versus Jared McCann in Penguins zone.
19:45 of 3rd period - Tim Schaller is hit by Jared McCann.
Goals for this period are 0 for Penguins vs 2 for Senateurs.
Shots for this period are 10 for Penguins vs 12 for Senateurs. Output by the SimonT Hockey Simulator (STHS) for Eric Tremblay - Original Page W3C HTML5 Valid
Hockey Simulator - Hockey Simulation - Hockey Manager